Map: Orbital Shipyard

Players

lesha

  • Race: Terran Terran
  • League: Gold

Bzz - Winner!

  • Race: Protoss Protoss
  • League: Platinum

VOD

Have the link to the VOD?

Description

Time

  • Played on: Jan. 6, 2016, 10:24 p.m.
  • Length: 6:20
Show
View Real Time Build Order
Export as new Build Order

lesha Terran 

Build Orders: Reaper Expand 

Get SALT Encoding   

  12  0:01  SCV  
  13  0:13  SCV  
  14  0:18  Supply Depot  
  14  0:25  SCV  
  15  0:39  SCV  
  15  0:40  Barracks  
  16  0:46  Refinery  
  16  0:51  SCV  
  17  1:03  SCV  
  18  1:16  SCV  
  19  1:31  Orbital Command  
  19  1:37  Command Center  
  19  1:42  Reaper  
  20  1:52  Supply Depot  
  20  1:59  SCV  
  20  2:00  Refinery  
  21  2:11  SCV  
  22  2:16  Barracks Reactor  
  22  2:23  SCV  
  22  2:27  Barracks  
  23  2:35  SCV  
  24  2:43  Factory  
  24  2:47  SCV  
  25  3:15  SCV  
  25  3:16  Orbital Command  
  26  3:21  Barracks Reactor  
  26  3:28  Starport, Barracks  
  26  3:29  Factory Tech Lab  
  26  3:32  Marine x2  
  28  3:37  Engineering Bay  
  28  3:47  SCV  
  28  3:48  SCV  
  30  3:59  SCV  
  30  4:00  SCV  
  30  4:02  Siege Tank, Marine x2  
  34  4:04  Marine x2  
  38  4:12  SCV x2  
  38  4:14  Terran Infantry Weapons Level 1  
  40  4:18  Barracks Tech Lab  
  40  4:25  SCV x2  
  40  4:28  Marine x4  
  46  4:35  Supply Depot  
  46  4:45  Starport Reactor  
  46  4:54  Refinery  
  46  4:56  SCV x2, Refinery, Siege Tank  
  46  4:57  Marauder  
  53  5:00  Supply Depot  
  53  5:02  Marine x3  
  53  5:03  Marine  
  57  5:08  SCV x2  
  59  5:18  Marine  
  59  5:20  Marine x2  
  62  5:26  Barracks, Marine x2  
  62  5:28  Medivac x2  
  68  5:31  Barracks  
  68  5:44  SCV x2  
  70  5:59  SCV x2, Marine x3  
  70  6:00  Marine x2  
  70  6:01  Supply Depot  
  70  6:03  Supply Depot  
Show
View Real Time Build Order
Export as new Build Order

Bzz Protoss - Winner!

Build Orders: 1 Gate Expand 

Get SALT Encoding   

  12  0:02  Probe (Chrono Boost)  
  13  0:12  Probe (Chrono Boost)  
  14  0:18  Pylon  
  14  0:24  Probe (Chrono Boost)  
  15  0:36  Probe (Chrono Boost)  
  15  0:38  Gateway  
  16  0:46  Assimilator  
  17  0:50  Probe (Chrono Boost)  
  17  1:00  Probe (Chrono Boost)  
  18  1:11  Probe (Chrono Boost)  
  19  1:23  Nexus  
  19  1:35  Cybernetics Core  
  19  1:38  Probe (Chrono Boost)  
  20  1:47  Assimilator  
  20  1:49  Probe (Chrono Boost)  
  21  1:59  Probe (Chrono Boost)  
  22  2:11  Warp Gate  
  22  2:34  Adept  
  22  2:35  Mothership Core (Chrono Boost)  
  26  2:39  Pylon  
  26  2:46  Probe (Chrono Boost)  
  26  2:47  Pylon  
  27  2:53  Probe (Chrono Boost)  
  27  2:56  Probe (Chrono Boost)  
  29  3:01  Adept  
  31  3:13  Probe x2 (Chrono Boost)  
  33  3:20  Twilight Council  
  33  3:22  Robotics Facility  
  33  3:26  Gateway  
  33  3:28  Gateway  
  33  3:34  Probe x2 (Chrono Boost)  
  35  3:44  Probe (Chrono Boost)  
  36  3:59  Resonating Glaives  
  36  4:08  Gateway  
  36  4:10  Gateway  
  36  4:13  Warp Prism  
  36  4:14  Gateway  
  38  4:30  Adept x3  
  44  4:40  Pylon  
  44  4:44  Probe x2 (Chrono Boost), Pylon  
  46  4:48  Pylon  
  46  4:54  Probe (Chrono Boost)  
  46  4:55  Probe (Chrono Boost)  
  48  5:05  Probe (Chrono Boost)  
  48  5:06  Probe (Chrono Boost), Adept x2  
  48  5:07  Adept  
  56  5:13  Adept x2  
  60  5:17  Adept  
  62  5:31  Probe x2 (Chrono Boost)  
  64  5:38  Pylon  
  64  5:40  Pylon  
  64  5:48  Adept x4  
  64  5:49  Adept x2  
  70  6:18  Stalker  
  72  6:19  Stalker x3  
  72  6:20  Stalker  
Tags
 
Add a new tag
Caveats
  • Supply blocks, unpowered buildings, or Contaminate may cause inaccurate times.
  • Supply counts are checked every 10 seconds.